AoeStats
← Joaquito

Arabia

506880139Analyzed
3v3 RM · 17d ago on Sep 15, 2026· 22m 34s· 6 players
Game mode
Random Map
Map size
Normal (6 player)
Population
200
Speed
Normal
Resources
Standard
Victory
Conquest
Starting age
Dark Age
Ending age
Imperial Age
RankedLock teamsTeams togetherTeam positionsShared explorationLock speedFull tech treeHidden civsTurbo modeCheats
Victory
Defeat
🇦🇷 Burmese · Argentina
1127
+17
🇨🇱 Mongols · Chile
1125
+17
🇨🇱 Chinese · Chile
1061
+20
🇹🇷 Mongols · Türkiye
1157
-18
🇦🇹 Ethiopians · Austria
1152
-18
🇫🇷 Hindustanis · France
1147
-18
TheAurelSan
7:54 Loom
10:36 Feudal Age
21:47 Castle Age
20:03 Double-Bit Axe
20:54 Gold Mining
22:20 Wheelbarrow
22:54 Scale Barding Armor
mountbladecii
6:59 Loom
10:12 Feudal Age
11:00 Double-Bit Axe
12:38 Fletching
13:40 Padded Archer Armor
15:06 Gold Mining
17:37 Horse Collar
24:54 Castle Age
newworldorder
10:53 Feudal Age
13:48 Loom
16:44 Castle Age
cacadecaca38
1:18 Loom
11:41 Feudal Age
Joaquito
10:35 Feudal Age
15:02 Castle Age
15:22 Double-Bit Axe
20:18 Fletching
21:38 Bloodlines
22:09 Gold Mining
Federati
8:10 Loom
10:13 Feudal Age
11:40 Horse Collar
14:37 Forging
16:51 Scale Barding Armor
18:04 Bloodlines
25:11 Castle Age
Connection lost

Rejoining the realm…

Still unreachable

The connection could not be restored.

Session expired

The server has moved on; the page needs a fresh start.